[Event "Early-Titled-Tuesday-Blitz-December-26-2023"]
[Site "Chess.com"]
[Date "2023.12.26"]
[Round "8"]
[White "NelsonLinda"]
[Black "FunnyDuck66"]
[Result "1-0"]
[WhiteElo "2616"]
[BlackElo "2473"]
[TimeControl "180+1"]
[EndTime "9:30:22 PST"]
[Termination "NelsonLinda won by resignation"]

1. b3 d5 2. Bb2 Nf6 3. Nf3 c6 4. g3 Bg4 5. Bg2 Nbd7 6. d4 e6 7. O-O Be7 8. Nbd2 O-O 9. Qe1 Bf5 10. Rc1 a5 11. a3 a4 12. b4 Ne4 13. c4 b5 14. c5 Nxd2 15. Nxd2 Bg6 16. f3 Bg5 17. e4 dxe4 18. fxe4 Nf6 19. Rf4 Bxf4 20. gxf4 h6 21. Qf2 Rc8 22. Re1 Re8 23. Nf1 Ng4 24. Qg3 f5 25. h3 Nf6 26. Qxg6 Qd7 27. d5 Qf7 28. Qxf7+ Kxf7 29. d6 fxe4 30. Ng3 Rcd8 31. Bxe4 Nd5 32. f5 exf5 33. Bxd5+ cxd5 34. Rxe8 Kxe8 35.
Nxf5 Kd7 36. Bxg7 Rg8 37. Kf2 d4 38. Bxd4 Rf8 39. Ke2 Rxf5 40. Be3 Rh5 41. Kd3 Rxh3 42. Ke4 Kc6 43. Bf4 Rxa3 44. Ke5 Ra1 45. Ke6 Re1+ 46.
Be5 Rxe5+ 47. Kxe5 a3 48. Ke6 a2 49. d7 a1=Q 50.
d8=Q Qe1+ 51. Kf7 Qf2+ 52. Kg6 Qg3+ 53. Kxh6 Qh3+ 54. Kg6 Qg3+ 55. Kf7 Qb3+ 56. Ke8 Qg8+ 57. Ke7 Qg7+ 58. Ke6 Qg4+ 59. Ke5 Qg3+ 60. Ke4 Qg2+ 61. Kf5 Qf3+ 62. Kg6 Qg3+ 63. Qg5 Qd3+ 64. Qf5 Qg3+ 65. Kf7 Qb3+ 66. Qe6+ Qxe6+ 67. Kxe6 Kc7 68. Kd5 1-0

[Event "Early-Titled-Tuesday-Blitz-December-26-2023"]
[Site "Chess.com"]
[Date "2023.12.26"]
[Round "8"]
[White "ahkashefi2800"]
[Black "Witik"]
[Result "1-0"]
[WhiteElo "2593"]
[BlackElo "2724"]
[TimeControl "180+1"]
[EndTime "9:30:26 PST"]
[Termination "ahkashefi2800 won by resignation"]

1. d4 Nf6 2. Nf3 e6 3. g3 b5 4.
Bg2 Bb7 5. Bg5 d6 6. c3 a6 7. Nbd2 Nbd7 8. O-O h6 9. Bxf6 Nxf6 10. Re1 Be7 11. a4 O-O 12. Qb3 Rb8 13. axb5 axb5 14. Ra7 c5 15. Rea1 Qb6 16. e3 Ra8 17. Rxa8 Rxa8 18.
Rxa8+ Bxa8 19. Qa2 Bd5 20. Qa3 Qb7 21. Ne1 Bxg2 22.
Nxg2 Nd7 23. h4 e5 24. Qa5 Nf8 25. Qa2 Ne6 26. dxe5 dxe5 27. Qb1 c4 28. Qe4 Qd7 29. Nf3 f6 30. Nge1 Nc5 31. Qc2 Qg4 32. Qe2 Nd3 33. Kf1 Qh3+ 34. Kg1 Qg4 35. Kf1 h5 36. b4 Qh3+ 37. Kg1 Qg4 38. Kf1 Bf8 39. Ng1 Qf5 40. e4 Qd7 41. Qxh5 Nc1 42. Qf3 Nb3 43.
Qe3 Nd2+ 44. Kg2 Nb3 45. Nef3 Qc6 46. Ne2 Bd6 47. h5 Bf8 48. Nh4 Na1 49. f3 Nc2 50. Qd2 Na3 51. Nf5 Qe8 52. Qd5+ Qf7 53. Qxf7+ Kxf7 54. g4 Nb1 55. Kf2 Ke6 56. Ke1 Na3 57.
Kd1 Kf7 58. Kc1 g6 59. hxg6+ Kxg6 60. Kb2 Kg5 61. Kxa3 Kg6 62. Kb2 Kg5 63. Kc2 Kg6 64. Kd2 Kg5 65. Ke1 Bxb4 66. cxb4 1-0

[Event "Early-Titled-Tuesday-Blitz-December-26-2023"]
[Site "Chess.com"]
[Date "2023.12.26"]
[Round "8"]
[White "bubeliang"]
[Black "Elsa167"]
[Result "0-1"]
[WhiteElo "2773"]
[BlackElo "2982"]
[TimeControl "180+1"]
[EndTime "9:30:28 PST"]
[Termination "Elsa167 won by resignation"]

1. e4 c5 2. c3 e5 3. Nf3 Nc6 4. Bc4 Nf6 5. Ng5 d5 6. exd5 Nxd5 7. Qh5 g6 8. Qf3 Qxg5 9. Bxd5 Nd8 10. O-O Qe7 11. d4 cxd4 12. cxd4 exd4 13. b3 Be6 14. a4 Bxd5 15. Qxd5 Ne6 16. Nd2 Qd7 17. Qf3 Be7 18.
Nc4 Qc6 19. Qh3 O-O 20. Bb2 Rad8 21. Rad1 Bf6 22. Rfe1 Rfe8 23. Qg3 Qd5 24. h3 Bg7 25. Rd2 a6 26. Red1 b5 27. axb5 axb5 28. Na3 Bh6 29.
Rd3 Nf4 30. Rxd4 Qxd4 31. Rxd4 Ne2+ 32. Kh2 Nxg3 33. Kxg3 Rxd4 34. Bxd4 Re4 35. Nxb5 Bg7 36. Bxg7 Kxg7 37. Kh2 Rb4 38. Nd6 Rxb3 39. Ne4 f5 40. Ng5 h6 41. Nf3 Kf6 42. h4 Ra3 43. Nd4 Ra2 44.
Kg1 Ke5 45. Nc6+ Kf4 46. g3+ Kg4 47. Ne5+ Kh3 48. Kf1 Ra6 49. Nd3 Kh2 50. Nf4 g5 51. hxg5 hxg5 52. Nd5 Ra1+ 53. Ke2 Kg1 54. Nc3 Rc1 55.
Nd5 Rc2+ 56. Ke3 Rxf2 57. Ne7 Kg2 58. Nd5 Kxg3 59. Nf6 f4+ 60. Ke4 Re2+ 61. Kd3 Re6 62.
Nh5+ Kf3 63. Ng7 Rd6+ 64. Kc2 Ke2 65. Nf5 Rd7 66. Nh6 f3 67. Ng4 f2 68. Nf6 Rc7+ 69. Kb2 f1=Q 70. Nd5 Rb7+ 71. Kc3 Qc1+ 72. Kd4 Qd2+ 73.
Ke5 Rb5 74. Kf6 Qxd5 75. Kg6 g4 0-1

[Event "Early-Titled-Tuesday-Blitz-December-26-2023"]
[Site "Chess.com"]
[Date "2023.12.26"]
[Round "8"]
[White "djokovic74"]
[Black "AjedrezInteligente"]
[Result "1-0"]
[WhiteElo "2655"]
[BlackElo "2531"]
[TimeControl "180+1"]
[EndTime "9:30:29 PST"]
[Termination "djokovic74 won by resignation"]

1. c4 e5 2. Nc3 Nf6 3. Nf3 e4 4. Ng5 b5 5. d3 bxc4 6. dxe4 Nc6 7. a3 h6 8. Nf3 Bc5 9. e3 Qe7 10. Nb5 Bb6 11. Bxc4 Nxe4 12. O-O O-O 13. Bd5 Bb7 14.
Qe2 Nf6 15. Ba2 a6 16. Nc3 Ne5 17. Nxe5 Qxe5 18. Bd2 Qg5 19. f3 Rfe8 20. Rae1 Re7 21. Kh1 Rae8 22. e4 Qh4 23. Be3 Re5 24. Bxb6 cxb6 25.
g3 Qh3 26. Qf2 d5 27. exd5 b5 28. Rxe5 Rxe5 29. Re1 Rh5 30. Qg2 Qxg2+ 31. Kxg2 Nxd5 32. Bxd5 Bxd5 33. g4 Rg5 34. h4 Rxg4+ 35. Kf2 Rd4 36.
Ke3 Rxh4 37. Nxd5 a5 38. Rc1 Rh2 39. b4 axb4 40. axb4 h5 41. Rc5 h4 42. Rxb5 h3 43.
Ne7+ Kf8 44. Nf5 Kg8 45. Ne7+ Kf8 46. Nf5 f6 47. Ng3 Rg2 48. Kf4 g5+ 49. Kg4 f5+ 50. Kxh3 Rf2 51. Rxf5+ Ke7 52. Kg4 Ke6 53. Rxg5 Rb2 54.
b5 Rb4+ 55. f4 Kf6 56. Re5 Kg6 57. Ne4 Rc4 58. Re6+ Kg7 59. Kg5 Rb4 60. b6 Rb1 61. f5 Rg1+ 62. Kf4 Rf1+ 63. Ke5 Re1 64. Rg6+ Kf7 65. Re6 Rb1 66. Kd5 Rb5+ 67. Kc6 Rxf5 68. Nd6+ Kxe6 69. Nxf5 Kxf5 70. b7 1-0

[Event "Early-Titled-Tuesday-Blitz-December-26-2023"]
[Site "Chess.com"]
[Date "2023.12.26"]
[Round "8"]
[White "biostatistician"]
[Black "BilodeauA"]
[Result "0-1"]
[WhiteElo "2627"]
[BlackElo "2895"]
[TimeControl "180+1"]
[EndTime "9:30:39 PST"]
[Termination "BilodeauA won by resignation"]

1. d4 d5 2. Nf3 Nf6 3. c4 dxc4 4. e3 Bg4 5. Bxc4 e6 6. O-O a6 7. Nc3 Nc6 8. Be2 Bd6 9. b3 Nd5 10. Bb2 f5 11. h3 Bh5 12. Nxd5 exd5 13. Ne5 Bxe2 14.
Qxe2 Bxe5 15. dxe5 Qd7 16. Qh5+ Qf7 17. Qh4 Qe7 18.
Qh5+ g6 19. Qh6 O-O-O 20. f4 d4 21. Bxd4 Nxd4 22. exd4 Rxd4 23. Rad1 Rhd8 24. Rxd4 Rxd4 25. Kh2 b5 26. Re1 Rd2 27. a4 b4 28. e6 Rd4 29.
h4 Re4 30. Rxe4 fxe4 31. f5 gxf5 32. Kg3 Qd6+ 33. Kh3 f4 34. Qf6 e3 35. Qf5 Kb8 36.
Qe4 Qe7 37. Kg4 c6 38. Qxf4+ Kc8 39. Qxe3 Qg7+ 40. Kh3 Qe7 41. g4 c5 42. g5 Kd8 43.
Qe5 Kc8 44. Kg4 Qd8 45. Qxc5+ Kb7 46. Qxb4+ Kc6 47. Qe4+ Kc5 48. e7 Qd1+ 49. Kf5 Qd7+ 50. Kf6 Qe8 51. Qc4+ Kd6 52. Qf7 Qh8+ 53. Kf5 Qe5+ 54.
Kg4 Qe2+ 55. Kg3 Qe1+ 56. Kg2 Qe2+ 57. Kg3 Qe1+ 58. Kg4 Qe2+ 59. Qf3 Qe6+ 60. Qf5 Qe2+ 61. Qf3 Qe6+ 62. Kg3 Qe1+ 63. Kg2 Qd2+ 64. Qf2 Qd5+ 65.
Kg3 Kxe7 66. Qf6+ Kd7 67. Qg7+ Kd6 68. Qh6+ Kc5 69. Qxh7 Qxb3+ 70. Kg4 Qd1+ 71. Kf5 Qd3+ 72. Kf6 Qxh7 73. g6 Qxh4+ 74. Kf7 Qf4+ 75. Ke7 Qxa4 76. Kf7 Qf4+ 77. Ke7 Qe5+ 78. Kf7 Qf5+ 79. Ke7 Qxg6 0-1

[Event "Early-Titled-Tuesday-Blitz-December-26-2023"]
[Site "Chess.com"]
[Date "2023.12.26"]
[Round "8"]
[White "severomorskij"]
[Black "wild3000"]
[Result "1-0"]
[WhiteElo "2870"]
[BlackElo "2414"]
[TimeControl "180+1"]
[EndTime "9:30:46 PST"]
[Termination "severomorskij won by resignation"]

1. d4 Nf6 2. c4 e6 3. Nc3 d5 4.
Bg5 Be7 5. e3 O-O 6. Nf3 Nbd7 7.
Bd3 h6 8. Bf4 a6 9. cxd5 Nxd5 10. Bg3 Nxc3 11. bxc3 Bd6 12. O-O Qe7 13. Ne5 Nxe5 14.
dxe5 Bc5 15. Qg4 Qg5 16. Qe4 g6 17. Bf4 Qh4 18. Rfd1 Kg7 19. g3 Qe7 20. h4 h5 21.
Bg5 Qe8 22. Qf4 Be7 23. Bf6+ Bxf6 24. exf6+ Kh7 25. Qg5 Rh8 26. Qxh5+ Kg8 27. Qe5 Bd7 28. Be4 Qc8 29. Bf3 a5 30. Rd2 Bc6 31. e4 Kh7 32. Rad1 a4 33. h5 Rg8 34. Kg2 g5 35. Qc5 Kh6 36. e5 Qf8 37. Qxf8+ Rgxf8 38. Bxc6 bxc6 39. Rd7 Ra5 40. f4 gxf4 41. gxf4 Kxh5 42. Kf3 Rc5 43. Rh1+ Kg6 44. Rg1+ Kh6 45. Rd2 Rxc3+ 46. Ke4 Rc4+ 47. Ke3 Rc3+ 48. Kd4 Rh3 49. Kc4 Rh4 50. Kc5 Kh7 51. Kxc6 Rg8 52. Rxg8 Kxg8 53. Rd8+ Kh7 54. Rf8 Kg6 55.
Rg8+ Kf5 56. Rg7 Kxf4 57. Rxf7 Kxe5 58. Rf8 Rf4 59. f7 a3 60. Kxc7 Ke4 61. Kd6 e5 62. Ke6 Ke3 63. Ra8 e4 64. f8=Q Rxf8 65. Rxf8 Kd2 66. Kd5 e3 67. Kc4 e2 68. Rd8+ Kc2 69.
Re8 Kd2 70. Kb3 e1=Q 71. Rxe1 Kxe1 72. Kxa3 Ke2 73. Kb4 Ke3 74. a4 Kd4 75. Kb5 Kd5 76.
a5 Kd6 77. Kb6 Kd7 78. Kb7 Kd6 79. a6 Kc5 80. a7 1-0

[Event "Early-Titled-Tuesday-Blitz-December-26-2023"]
[Site "Chess.com"]
[Date "2023.12.26"]
[Round "8"]
[White "GeorgMeier"]
[Black "Szparu"]
[Result "1/2-1/2"]
[WhiteElo "3035"]
[BlackElo "2885"]
[TimeControl "180+1"]
[EndTime "9:30:54 PST"]
[Termination "Game drawn by repetition"]

1. Nf3 d5 2. g3 c6 3. Bg2 Bg4 4. O-O Nd7 5. h3 Bxf3 6. Bxf3 e6 7. d4 Ngf6 8. e3 g6 9. b3 Rc8 10. c4 Bg7 11. Ba3 c5 12. cxd5 Nxd5 13. Bxd5 exd5 14.
Nc3 Qa5 15. Bb2 cxd4 16. Ne2 O-O 17. Bxd4 Ne5 18. Kg2 Rc6 19. Rc1 Rfc8 20. Rxc6 bxc6 21. Qa1 f6 22. Rd1 Kf7 23. Nf4 Qa6 24. Qc3 g5 25.
Nd3 Nxd3 26. Qxd3 Qxd3 27. Rxd3 c5 28. Rc3 Bf8 29. b4 c4 30. b5 Bb4 31. Rc2 Bc5 32. Bc3 a6 33. bxa6 Ra8 34. Rb2 Rxa6 35.
Rb5 Be7 36. Rxd5 Rxa2 37. Rd4 Ra4 38. h4 h5 39. g4 hxg4 40. h5 f5 41. h6 Ra6 42.
Rd7 Rxh6 43. Bb4 Re6 44. Rc7 Kf6 45. Rxc4 Bxb4 46. Rxb4 Rd6 47. Kg3 Kg6 48. Rb8 Kf6 49. Rf8+ Ke5 50. Rg8 Kf6 51. Rf8+ Kg6 52. Rg8+ Kh6 53.
Rf8 Rd5 54. Kg2 Kg7 55. Re8 Kf7 56. Rc8 Re5 57. Kg3 Re4 58. Rc7+ Re7 59. Rc8 Kg6 60. Rg8+ Rg7 61. Rf8 Rf7 62. Rg8+ Kf6 63. Re8 Re7 64. Rf8+ Ke6 65. Rg8 Kf6 66. Rf8+ Rf7 67. Rg8 Ra7 68. Rf8+ Kg6 69. Rg8+ Kf6 70. Rf8+ Kg6 71. Rg8+ Kh6 72. Rf8 Ra5 73. Rg8 Rb5 74. Rf8 Rc5 75. Rg8 Rc1 76. Kg2 Kh5 77. Rh8+ Kg6 78. Rg8+ Kf6 79. Rf8+ Ke5 80.
Re8+ Kf6 81. Rf8+ Kg6 82. Rg8+ Kh6 83. Rf8 Rc5 84. Kg3 Kg7 85. Rd8 Re5 86. Rd7+ Kf6 87. Rd8 Re7 88. Rf8+ 1/2-1/2

[Event "Early-Titled-Tuesday-Blitz-December-26-2023"]
[Site "Chess.com"]
[Date "2023.12.26"]
[Round "8"]
[White "Alex_Sahakyan2006"]
[Black "jacky72"]
[Result "1/2-1/2"]
[WhiteElo "2718"]
[BlackElo "2812"]
[TimeControl "180+1"]
[EndTime "9:30:54 PST"]
[Termination "Game drawn - insufficient material"]

1. e4 e5 2. Nf3 Nc6 3. Bb5 a6 4. Ba4 Nf6 5. O-O Be7 6. Bxc6 dxc6 7. d3 Nd7 8. Nbd2 O-O 9. Nc4 f6 10. Nh4 Nb6 11. Ne3 g6 12. a4 f5 13. Nf3 f4 14. Nc4 Nxc4 15. dxc4 Qxd1 16. Rxd1 Bg4 17. h3 Bxf3 18. gxf3 Rad8 19. Bd2 Rd4 20. Bc3 Rxc4 21. Rd7 Bd6 22. Kf1 Rf7 23. Rd8+ Rf8 24. Rd7 b5 25.
axb5 axb5 26. Ke2 Rf7 27. Rd8+ Kg7 28. Kd3 Ra4 29. Rxa4 bxa4 30. Ra8 Kf6 31. Rxa4 Rd7 32. Ke2 c5 33. Ra8 Re7 34. Kf1 Kg5 35. Kg2 Kh4 36. Ba5 h5 37. Rd8 Kg5 38. h4+ Kf6 39.
Ra8 Kf7 40. b3 Rd7 41. Kf1 Be7 42. Rc8 Bxh4 43. Bxc7 Rd2 44. Bxe5 Rxf2+ 45. Kg1 Rxf3 46. Rxc5 g5 47. Bd4 Rg3+ 48. Kf1 f3 49. Bf2 Rg2 50. Bxh4 gxh4 51. Rxh5 Rxc2 52. Rf5+ Ke6 53. Rxf3 Ke5 54. Rh3 Kd4 55. Rxh4 Rb2 56. Rh3 Kxe4 57. Ke1 Kd4 58. Kd1 Kc5 59. Kc1 Rg2 60. Rh4 Kb5 61. Rc4 Rh2 62.
Kb1 Rg2 63. Rf4 Rh2 64. Rc4 Rg2 65. Ra4 Rh2 66. Ra2 Rh1+ 67. Kb2 Kb4 68. Ra4+ Kb5 69. Rc4 Rh2+ 70. Ka3 Rh1 71. Rg4 Ra1+ 72. Kb2 Rh1 73. Rg8 Kb4 74. Rb8+ Kc5 75. Rc8+ Kb4 76. Rb8+ Kc5 77.
Kc3 Rh3+ 78. Kc2 Rh1 79. b4+ Kc4 80. b5 Rh2+ 81. Kd1 Rb2 82. b6 Kb5 83. Ra8 Kc6 84.
Rc8+ Kb7 85. Rc2 Rb1+ 86. Rc1 Rxb6 87. Rc2 Rb3 88. Rd2 Rh3 89. Rc2 Kb6 90. Kc1 Kb5 91.
Kb2 Kb4 92. Rc8 Rh2+ 93. Rc2 Rh4 94. Rc1 Rf4 95. Rc2 Ka4 96. Rc3 Rb4+ 97. Ka2 Rb5 98. Ra3+ Kb4 99. Rb3+ Ka4 100. Rxb5 Kxb5 1/2-1/2

[Event "Early-Titled-Tuesday-Blitz-December-26-2023"]
[Site "Chess.com"]
[Date "2023.12.26"]
[Round "8"]
[White "stollenmonster"]
[Black "PeshkaCh"]
[Result "1/2-1/2"]
[WhiteElo "2924"]
[BlackElo "2845"]
[TimeControl "180+1"]
[EndTime "9:30:55 PST"]
[Termination "Game drawn by repetition"]

1. e4 e5 2. Nc3 Nf6 3. g3 d5 4.
exd5 Nxd5 5. Bg2 Nxc3 6. bxc3 Nc6 7. d3 Bd6 8. Rb1 O-O 9. Ne2 Ne7 10. O-O c6 11. h3 Qc7 12. Kh2 Be6 13. c4 Ng6 14. f4 exf4 15. Nxf4 Rad8 16. Qh5 Nxf4 17. Bxf4 Bxf4 18. Rxf4 b5 19. Be4 h6 20. Rbf1 bxc4 21. Rf6 cxd3 22. cxd3 Rd5 23. Qh4 Rg5 24. Rxe6 fxe6 25.
Bh7+ Kxh7 26. Rxf8 Qe5 27. Rf2 Qe3 28. Qe4+ Qxe4 29.
dxe4 Ra5 30. Rc2 Kg6 31. Kg2 Kf6 32. Kf3 Ke5 33. Rxc6 Ra3+ 34. Kg4 Rxa2 35. Rc7 g6 36. Rg7 Kf6 37. Rh7 h5+ 38. Kh4 Ra4 39. g4 Rxe4 40. Rxa7 hxg4 41. hxg4 Rb4 42. Ra8 Rb3 43. Rf8+ Kg7 44.
Ra8 Rb5 45. Ra7+ Kf6 46. Ra3 Rc5 47. Rf3+ Kg7 48. Re3 Kf7 49. Rf3+ Ke7 50. Re3 Rd5 51. Rf3 Rc5 52. Re3 Kf6 53. Rf3+ Kg7 54. Re3 e5 55.
Kg5 Rb5 56. Rc3 e4+ 57. Kf4 Kh6 58. Rh3+ Kg7 59. Re3 Kf6 60. Rxe4 g5+ 61. Kg3 Rb3+ 62. Kg2 Ra3 63. Rc4 Rb3 64. Rc5 Ra3 65. Rf5+ Kg6 66. Rb5 Rc3 67. Rb6+ Kf7 68. Rd6 Ke7 69. Rg6 Rc5 70. Kf3 Kf7 71. Ra6 Rc4 72. Rd6 Rb4 73. Rc6 Rf4+ 74. Kg3 Ra4 75. Rc7+ Kf6 76. Rc6+ Kf7 77.
Rc3 Ke6 78. Rf3 Re4 79. Rf5 Re3+ 80. Kf2 Re5 81. Rf8 Ra5 82. Kf3 Ra3+ 83. Kg2 Ra4 84.
Kg3 Ra3+ 85. Kg2 Ra4 86. Kg3 Ra3+ 87. Kg2 1/2-1/2

[Event "Early-Titled-Tuesday-Blitz-December-26-2023"]
[Site "Chess.com"]
[Date "2023.12.26"]
[Round "8"]
[White "Iball95"]
[Black "Alexander_Donchenko"]
[Result "1-0"]
[WhiteElo "2819"]
[BlackElo "2911"]
[TimeControl "180+1"]
[EndTime "9:31:04 PST"]
[Termination "Iball95 won by checkmate"]

1. e4 c6 2. d4 d5 3. exd5 cxd5 4. c4 Nf6 5. Nc3 Nc6 6. Nf3 a6 7. h3 g6 8. cxd5 Nxd5 9. Bc4 Nxc3 10. bxc3 Bg7 11.
O-O O-O 12. a4 Bf5 13. Re1 Rc8 14. Ba3 Rc7 15. Ba2 h6 16. Nh4 Qc8 17. g4 Bf6 18. gxf5 Bxh4 19. Qg4 g5 20. f6 exf6 21. Bxf8 f5 22.
Qh5 Qxf8 23. Qg6+ Kh8 24. Qf6+ Kg8 25. Qg6+ Kh8 26. Qf6+ Kg8 27. Qxf5 Ne7 28. Qf6 Qg7 29. Qd6 g4 30. Kh1 Rxc3 31. Rxe7 Bxe7 32. Qxe7 Qg6 33. Re1 Rxh3+ 34. Kg2 Rf3 35. Qe8+ Kg7 36. Qe5+ Kg8 37.
Bb1 Qf6 38. Qxf6 Rxf6 39. Re4 h5 40. Re5 Rf4 41. d5 Rxa4 42. Rxh5 Rb4 43. Bf5 Rd4 44. Kg3 Kf8 45. Bxg4 Ke7 46. Bf3 b5 47. Rh6 a5 48.
Rb6 b4 49. Ra6 b3 50. Rxa5 Rb4 51. Ra1 b2 52. Rb1 Kd6 53. Kg2 f5 54. Kf1 Rb3 55. Ke2 Ke5 56. Bh1 f4 57. Kd2 f3 58. Kc2 Rb5 59.
Bxf3 Kd4 60. Rxb2 Rc5+ 61. Kd2 Ra5 62. Rb4+ Ke5 63. Rb3 Ra4 64. Ke3 Ra2 65. Rd3 Kd6 66. Be4 Ra1 67. f3 Re1+ 68. Kf4 Rh1 69. Rc3 Rh4+ 70.
Ke3 Rh5 71. Rc6+ Ke7 72. Kd4 Rh1 73. f4 Rh4 74. Ke5 Rh5+ 75. f5 Rh2 76. Rc7+ Kf8 77.
Ra7 Re2 78. d6 Rd2 79. Ke6 Rd4 80. Ra8+ Kg7 81. f6+ Kh6 82. Ke5 Rd1 83. f7 Rf1 84. f8=Q+ Rxf8 85. Rxf8 Kg7 86. Rf6 Kh8 87. Ke6 Kg7 88.
Bd5 Kg8 89. Ba8 Kh7 90. Kf7 Kh8 91.
Rh6# 1-0

[Event "Early-Titled-Tuesday-Blitz-December-26-2023"]
[Site "Chess.com"]
[Date "2023.12.26"]
[Round "8"]
[White "NovakRatko"]
[Black "szefru"]
[Result "1/2-1/2"]
[WhiteElo "2429"]
[BlackElo "2270"]
[TimeControl "180+1"]
[EndTime "9:31:21 PST"]
[Termination "Game drawn - insufficient material"]

1. d4 Nf6 2. c4 g6 3. Nc3 Bg7 4. e4 d6 5. f3 O-O 6. Be3 c5 7. dxc5 dxc5 8. Qxd8 Rxd8 9. Bxc5 Nc6 10. Nd5 Be6 11. Nxe7+ Nxe7 12. Bxe7 Rdc8 13. Rc1 b5 14. b3 Nd7 15. c5 b4 16. Ba6 Bc3+ 17. Rxc3 bxc3 18.
Bxc8 Rxc8 19. Ne2 Nxc5 20. Nxc3 Nxb3 21. Bf6 Nc5 22. Kd2 Rb8 23. Rc1 Bxa2 24. Nxa2 Nb3+ 25. Kd3 Nxc1+ 26. Nxc1 Rb6 27. Bd4 Ra6 28. h4 Kf8 29.
g4 Ke7 30. h5 Kd6 31. hxg6 hxg6 32. f4 Ra3+ 33. Bc3 Kc5 34. e5 Kd5 35. Ne2 a5 36.
Nd4 Ra2 37. Nc2 Ra4 38. Ne3+ Ke6 39. Nc4 Ra2 40. Bxa5 Rg2 41. g5 Rg1 42. Bd2 Kd5 43. Ne3+ Ke6 44. Ke4 Ra1 45. Bc3 Ra4+ 46. Bd4 Rb4 47.
Ng4 Ra4 48. Nf6 Ra2 49. Ne8 Re2+ 50. Be3 Ra2 51. Nc7+ Kd7 52. Nd5 Ra4+ 53. Bd4 Ke6 54. Nc7+ Kd7 55. Nb5 Ra2 56. Nc3 Ra5 57. Nd5 Ke6 58.
Nf6 Ra2 59. Ne8 Re2+ 60. Be3 Ra2 61. Nc7+ Kd7 62. Nd5 Ke6 63. Nc3 Ra3 64. Bd4 Rb3 65. Nd5 Ra3 66. Nb6 Ra6 67. Nc4 Ra4 68. Ne3 Ra2 69. f5+ gxf5+ 70. Nxf5 Re2+ 71. Ne3 Ra2 72. Kf4 Ra4 73. Ke4 Rb4 74. Nd5 Ra4 75. Nf4+ Ke7 76.
Kd5 Kd7 77. g6 fxg6 78. Nxg6 Ra5+ 79. Bc5 Ra1 80. e6+ Ke8 81. Ne5 Rd1+ 82. Bd4 Ke7 83. Nc6+ Ke8 84. Kd6 Rd2 85. Kd5 Rd1 86. Ke5 Re1+ 87.
Kd6 Rd1 88. e7 Rd2 89. Ke6 Re2+ 90. Be5 Re1 91. Nd4 Rxe5+ 92. Kxe5 Kxe7 1/2-1/2

[Event "Early-Titled-Tuesday-Blitz-December-26-2023"]
[Site "Chess.com"]
[Date "2023.12.26"]
[Round "8"]
[White "Ducke13"]
[Black "adapodadei"]
[Result "0-1"]
[WhiteElo "2400"]
[BlackElo "2731"]
[TimeControl "180+1"]
[EndTime "9:31:42 PST"]
[Termination "adapodadei won on time"]

1. d4 Nf6 2. g3 c5 3. d5 b5 4. a4 b4 5. c4 g6 6. b3 Bg7 7. Bb2 O-O 8. Nh3 d6 9. Bg2 a5 10. O-O Ra7 11. Nd2 e5 12. dxe6 fxe6 13. Nf4 Qe7 14. Qc2 Bb7 15. Bxb7 Rxb7 16. Rad1 e5 17. Nd5 Nxd5 18. cxd5 Nd7 19. Nc4 Ra7 20. e4 Nf6 21. Bc1 Nh5 22. Kg2 Qd8 23. h4 Raf7 24. Bg5 Qc7 25. Qe2 h6 26. Be3 Nf6 27. f3 Nh5 28. Rc1 Rc8 29. Rc2 Bf8 30. Rfc1 Qd8 31. Bf2 Ra8 32. Be3 Kh7 33. Qd2 Raa7 34. Rg1 Qc8 35.
Rh1 Be7 36. Qe2 Qf8 37. Rh3 Bd8 38. Kf2 Rad7 39. Nd2 Bc7 40. Ke1 Qc8 41. Qg2 Rd8 42. Kd1 Rdf8 43. Kc1 Nf6 44. g4 Nd7 45. Nc4 Nb6 46.
Nxa5 Nxa4 47. Nc4 Nc3 48. Kd2 Qa6 49. Rxc3 bxc3+ 50. Kxc3 Ba5+ 51. Kc2 Bb4 52. Bc1 Qa1 53. Bb2 Qe1 54. Rh1 Qxh1 55. Qxh1 Rxf3 56. Bc1 Rc3+ 57. Kb2 Rf2+ 58. Bd2 Rd3 59. Kc2 Rd4 60.
Qe1 Bxd2 61. Qxd2 Rdxd2+ 62. Nxd2 Rg2 63. Kd3 Rxg4 64. Nc4 Rxh4 65. Nxd6 Rh3+ 66. Kc4 Re3 67. Kxc5 h5 68. Nc4 Rxe4 69. d6 Rd4 70. Nxe5 Rd1 71. Nc6 h4 72. Nd4 Rc1+ 73. Kd5 Rc8 74. Ne6 h3 75.
Ng5+ Kg7 76. Nxh3 Kf6 77. Nf4 Rb8 78. Ne6 Rxb3 79. d7 Rd3+ 80. Nd4 Ke7 81. Ke4 Rd1 82. Nc6+ Kxd7 83. Ne5+ Ke6 84. Nxg6 Re1+ 85. Kf3 Kf5 86. Nh4+ Kg5 87. Ng2 Ra1 88. Ne3 Ra4 89. Ng2 Rb4 90.
Ne3 Rf4+ 91. Ke2 Re4 92. Kd3 Kf4 93. Nd5+ Ke5 94. Ne3 Rd4+ 95. Kc3 Ke4 96. Nc4 Rd7 97. Nd2+ Kd5 0-1

[Event "Early-Titled-Tuesday-Blitz-December-26-2023"]
[Site "Chess.com"]
[Date "2023.12.26"]
[Round "8"]
[White "newyorkmouse"]
[Black "slidingknight2775"]
[Result "1/2-1/2"]
[WhiteElo "2497"]
[BlackElo "2687"]
[TimeControl "180+1"]
[EndTime "9:32:06 PST"]
[Termination "Game drawn - insufficient material"]

1. Nf3 d5 2. c4 e6 3. b3 Nf6 4. Bb2 c5 5. e3 Nc6 6. cxd5 exd5 7. d4 cxd4 8. Nxd4 Bb4+ 9. Bc3 Qb6 10. Nxc6 bxc6 11.
Bd3 O-O 12. O-O c5 13. Qd2 a5 14. Rc1 Ba6 15. Bxa6 Qxa6 16. Qb2 a4 17. bxa4 Bxc3 18.
Nxc3 Rfb8 19. Qd2 Rd8 20. Rab1 d4 21. Nb5 Qxa4 22. exd4 cxd4 23. Rb2 h6 24. Rb4 Qa5 25. Nxd4 Qxa2 26. Qxa2 Rxa2 27. Nf3 Re8 28. Nd4 Nd5 29. Rbc4 Nf4 30. Kf1 Nd3 31. Rd1 Nxf2 32. Rdc1 Ng4 33. Nc2 Rxc2 34. R4xc2 Ne3+ 35. Kf2 Nxc2 36. Rxc2 g6 37.
h3 h5 38. Kg3 Kg7 39. Rb2 Re6 40. Rb3 Ra6 41. Rc3 Ra4 42. Rb3 g5 43. Rc3 f6 44.
Rb3 Rc4 45. Ra3 Kg6 46. Rb3 h4+ 47. Kf3 Rd4 48. Ra3 Rf4+ 49. Ke3 Rb4 50. Kf3 Kf5 51. Ra5+ Kg6 52. Ra3 Rb5 53. Rc3 Re5 54. Ra3 Kf5 55. Rb3 Re1 56. Rb5+ Re5 57. Rb3 Re1 58. Rb5+ Ke6 59.
Rb6+ Kf7 60. Rb7+ Kg6 61. Rb3 Rf1+ 62. Ke2 Rh1 63. Kf3 Rf1+ 64. Ke2 Rg1 65. Kf2 Ra1 66.
Kf3 Ra4 67. Rc3 Rd4 68. Rb3 Kf5 69. Rb5+ Ke6 70. Rb6+ Ke5 71. Rb5+ Rd5 72. Rb3 f5 73. Ra3 Rb5 74. Rc3 Kd4 75. Ra3 Rc5 76. Ra4+ Rc4 77.
Ra8 Rc3+ 78. Kf2 Ke5 79. Ra5+ Ke4 80. Ra4+ Kd5 81. Ra5+ Rc5 82. Ra8 Kd4 83. Ra4+ Ke5 84. Ra8 Rc4 85. Ra3 Kf4 86. Rf3+ Ke4 87. Re3+ Kd4 88.
Ra3 Rc2+ 89. Kf1 Ke5 90. Rb3 Kf4 91. Rf3+ Ke4 92. Ra3 Rb2 93. Rc3 Rb1+ 94. Kf2 Rb2+ 95.
Kf1 Kd4 96. Ra3 Ke5 97. Ra4 Kf6 98. Kg1 f4 99. Kf1 Kf5 100. Ra5+ Kg6 101. Ra6+ Kh5 102. Ra5 Rc2 103. Ra6 f3 104. gxf3 Rh2 105. Kg1 Rxh3 106. Kg2 Rg3+ 107. Kf2 Rh3 108. Kg2 Rg3+ 109. Kf2 g4 110. Ra5+ Kh6 111. fxg4 Rxg4 112. Ra6+ Kh5 113. Ra8 Rf4+ 114. Kg2 Rf7 115. Kh3 Rf3+ 116. Kg2 Rb3 117. Rh8+ Kg5 118. Rg8+ Kf5 119. Rh8 h3+ 120. Rxh3 Rb2+ 121. Kg3 Rb3+ 122. Kh2 Rxh3+ 123.
Kxh3 1/2-1/2

[Event "Early-Titled-Tuesday-Blitz-December-26-2023"]
[Site "Chess.com"]
[Date "2023.12.26"]
[Round "9"]
[White "UnTucopalaTimba"]
[Black "JAN2404"]
[Result "1-0"]
[WhiteElo "2170"]
[BlackElo "1944"]
[TimeControl "180+1"]
[EndTime "9:41:37 PST"]
[Termination "UnTucopalaTimba won by resignation"]

1. e4 c5 2. Nf3 d6 3. Bb5+ Bd7 4.
Bxd7+ Qxd7 5. O-O Nf6 6. Re1 Nc6 7. d3 e6 8. Nc3 Be7 9. e5 Nd5 10. Nxd5 exd5 11. Bf4 O-O 12. c3 Rac8 13. Qd2 d4 14. cxd4 cxd4 15. a3 dxe5 16. Nxe5 Bd6 17. Nxd7 1-0

[Event "Early-Titled-Tuesday-Blitz-December-26-2023"]
[Site "Chess.com"]
[Date "2023.12.26"]
[Round "9"]
[White "albi1999"]
[Black "newyorkmouse"]
[Result "0-1"]
[WhiteElo "2656"]
[BlackElo "2509"]
[TimeControl "180+1"]
[EndTime "9:42:00 PST"]
[Termination "newyorkmouse won by resignation"]

1. d4 Nf6 2. c4 a6 3. Nc3 b5 4.
cxb5 axb5 5. Nxb5 e5 6. dxe5 Ne4 7. Nc3 Bb4 8. Qd4 Ra4 9. Bd2 Bxc3 10.
Qxa4 Bxd2+ 11. Kd1 Nxf2+ 12. Kxd2 Nxh1 13. Nf3 Nc6 14. g3 Nf2 15. Bg2 Qe7 16. Rf1 Qc5 17. Ke1 Nb4 18.
Rxf2 Qc1+ 0-1

[Event "Early-Titled-Tuesday-Blitz-December-26-2023"]
[Site "Chess.com"]
[Date "2023.12.26"]
[Round "9"]
[White "Kostya0705"]
[Black "rachidhuilda"]
[Result "0-1"]
[WhiteElo "2540"]
[BlackElo "2364"]
[TimeControl "180+1"]
[EndTime "9:42:19 PST"]
[Termination "rachidhuilda won by resignation"]

1. e4 d5 2. exd5 Qxd5 3. d4 e5 4. dxe5 Qxd1+ 5. Kxd1 Nc6 6. f4 Bg4+ 7. Be2 O-O-O+ 8. Bd2 Nh6 9. h3 Be6 10. Nc3 Nf5 11. g4 Ng3 12. Rh2 Nxe2 13. Ngxe2 g5 14. f5 Bc4 15. b3 Ba6 16. Kc1 h6 17. h4 Nxe5 18. Ne4 Ba3+ 19. Kd1 Nxg4 20. Rh3 Rhe8 21. N2g3 Ne3+ 0-1

[Event "Early-Titled-Tuesday-Blitz-December-26-2023"]
[Site "Chess.com"]
[Date "2023.12.26"]
[Round "9"]
[White "ploxoi"]
[Black "BardArtem"]
[Result "0-1"]
[WhiteElo "2497"]
[BlackElo "2686"]
[TimeControl "180+1"]
[EndTime "9:42:33 PST"]
[Termination "BardArtem won by resignation"]

1. d4 d5 2. c4 c6 3. Nf3 Nf6 4. e3 Bf5 5. Nc3 e6 6. Nh4 Be4 7. f3 Bg6 8. Be2 Be7 9. b3 Ne4 10. fxe4 Bxh4+ 11. g3 Be7 12. e5 h5 13. h4 Nd7 14. O-O Nb6 15. a4 a5 16. Ba3 Bxa3 17.
Rxa3 f6 18. exf6 Qd6 19. c5 Qxg3+ 20. Kh1 gxf6 21. Qe1 Qh3+ 22. Kg1 Rg8 23. Bg4 Qxg4+ 24.
Kh2 Bf5 0-1